 Dungeon Crawl Stone Soup version 0.22-a0-848-ge9e22a0 (webtiles) character file.

305 Leszczynek the Ducker (level 6, -6/38 HPs)
             Began as a Deep Elf Monk on July 26, 2018.
             Was a Believer of Sif Muna.
             Mangled by a centaur (8 damage)
             ... on level 5 of the Dungeon.
             The game lasted 00:10:36 (1266 turns).

Leszczynek the Ducker (Deep Elf Monk)               Turns: 1266, Time: 00:10:37

Health: -6/38      AC:  2    Str:  8    XL:     6   Next: 16%
Magic:  8/8        EV: 15    Int: 22    God:    Sif Muna [**....]
Gold:   49         SH:  0    Dex: 17    Spells: 5/5 levels left

rFire    . . .     SeeInvis .   a - +2 trident (protect)
rCold    . . .     Gourm    .   (no shield)
rNeg     . . .     Faith    .   k - +0 robe
rPois    +         Spirit   .   (no helmet)
rElec    .         Reflect  .   (no cloak)
rCorr    .         Harm     .   (no gloves)
MR       .....                  (no boots)
Stlth    ++........             (no amulet)
HPRegen  0.12/turn              j - ring of poison resistance
MPRegen  0.11/turn              (no ring)

@: brilliant
A: no striking features
a: Divine Energy, Renounce Religion


You were on level 5 of the Dungeon.
You worshipped Sif Muna.
Sif Muna was pleased with you.
You were not hungry.

You visited 1 branch of the dungeon, and saw 5 of its levels.

You collected 49 gold pieces.

Inventory:

Hand Weapons
 a - a +2 trident of protection (weapon)
 b - a +0 quarterstaff
 c - the +2 trident of Eternity {pierce, MR+}
   (You found it on level 4 of the Dungeon)

   It inflicts extra damage upon your enemies.
   It affects your resistance to hostile enchantments.
 e - a +0 short sword
Missiles
 i - 22 arrows
Armour
 k - a +0 robe (worn)
Jewellery
 j - a ring of poison resistance (left hand)
Scrolls
 f - a scroll of teleportation
 g - a scroll of identify {@r1}
 l - a scroll of immolation {unknown}
Comestibles
 d - 3 rations
 n - 5 chunks of flesh


   Skills:
 + Level 4.3 Fighting
 - Level 3.5 Short Blades
 * Level 3.1 Staves
 + Level 4.6 Dodging
 - Level 2.4 Stealth


You had 5 spell levels left.
You didn't know any spells.
Your spell library was empty.

Dungeon Overview and Level Annotations

Branches:
Dungeon (5/15)
 Temple: D:4-7

Altars:
Kikubaaqudgha
Okawaru
Ru
Sif Muna
Uskayaw
Yredelemnul
Zin

Shops:
D:4 (


Message History

A centaur comes into view.
The centaur shouts!
The centaur wields a shortbow.
The centaur shoots an arrow.
The arrow hits you!
You see here an arrow.
The centaur shoots an arrow.
The arrow closely misses you.
The centaur shoots an arrow.
The arrow hits you!
* * * LOW HITPOINT WARNING * * *
The centaur shoots an arrow.
The arrow barely misses you.
You see here an arrow.
The centaur unwields an uncursed shortbow.
The centaur closely misses you.
Unknown command.
It was a potion of brilliance.
You feel clever all of a sudden. The centaur hits you.
* * * LOW HITPOINT WARNING * * *
As you read the scroll labeled POMEHO VOAQAMM, it crumbles to dust.
It is a scroll of amnesia.
You feel forgetful for a moment. The centaur hits you!
You die...

#.. #.# #.#
#.# #.# #.#
#c# #@#
###.##### #(#
...[...#####.#
#.###.....((#
#......#######
#.............
#.###<########
. #.# #.#


You could see a centaur.

Vanquished Creatures
  Grinder (D:4)
  A hound (D:3)
  An iguana (D:4)
  2 adders
  An ooze (D:3)
  A leopard gecko (D:3)
  4 orcs
  A giant cockroach (D:4)
  3 goblins (D:3)
  4 hobgoblins
  3 jackals (D:4)
  4 kobolds
  5 bats
  4 rats
35 creatures vanquished.

Notes
Turn   | Place    | Note
-------+----------+-------------------------------------------
     0 | D:1      | Leszczynek the Deep Elf Monk began the quest for the Orb.
     0 | D:1      | Reached XP level 1. HP: 13/13 MP: 3/3
   185 | D:2      | Found an iron altar of Okawaru.
   276 | D:3      | Noticed a hound
   295 | D:3      | Killed a hound
   295 | D:3      | Reached skill level 3 in Fighting
   295 | D:3      | Reached XP level 2. HP: 14/19 MP: 4/4
   295 | D:3      | Reached XP level 3. HP: 17/23 MP: 5/5
   546 | D:4      | Noticed a scorpion
   546 | D:4      | Noticed an ogre
   636 | D:4      | Noticed Grinder
   713 | D:3      | Reached XP level 4. HP: 19/29 MP: 6/6
   748 | D:2      | Found a hide-covered altar of Uskayaw.
   748 | D:2      | Found an ancient bone altar of Kikubaaqudgha.
   748 | D:2      | Found a deep blue altar of Sif Muna.
   748 | D:2      | Found a basalt altar of Yredelemnul.
   752 | D:2      | Found a glowing silver altar of Zin.
   757 | D:2      | Became a worshipper of Sif Muna the Loreminder
   757 | D:2      | Reached * piety under Sif Muna
   757 | D:2      | Reached ** piety under Sif Muna
   769 | D:3      | Found a sacrificial altar of Ru.
   860 | D:4      | Found Ziqic's Weapon Shoppe.
   886 | D:4      | Got a warped trident
   887 | D:4      | Identified the +2 trident of Eternity {pierce, MR+} (You found it on level 4 of the Dungeon)
   971 | D:4      | HP: 3/29 [Grinder (5)]
   974 | D:4      | Killed Grinder
   974 | D:4      | Reached skill level 4 in Fighting
   974 | D:4      | Reached skill level 2 in Staves
   974 | D:4      | Reached skill level 4 in Dodging
   974 | D:4      | Reached XP level 5. HP: 4/33 MP: 7/7
   974 | D:4      | Reached XP level 6. HP: 5/38 MP: 8/8
  1190 | D:4      | Reached skill level 3 in Staves
  1252 | D:5      | Entered Level 5 of the Dungeon
  1263 | D:5      | HP: 6/38 [centaur/arrow (14)]
  1265 | D:5      | HP: 1/38 [centaur (5)]
  1266 | D:5      | Mangled by a centaur

Vault maps used:
D:1:      erik_arrival_triangle_small, serial_co_window_serial,
          co_window_of_opportunity_a, co_window_of_opportunity_a,
          co_window_of_opportunity_a, co_window_of_opportunity_a,
          co_window_paths_a, co_window_unsneaky_path_e, co_window_corner_b,
          co_window_unsneaky_path_c, co_window_sun, co_window_4corner_a,
          glass_columns_a, glass_columns_a, glass_columns_a, glass_columns_a,
          corexii_corridor_pit, minmay_misc_feat_nine_boxes,
          nemelex_diamond_rough_becter
D:2:      nicolae_overflow_hidden_temple, okawaru_altar_gauntlet_db,
          chequers_ecumenical_altar_twisty, serial_forest,
          infiniplex_forest_lined_ring, infiniplex_forest_lined_room_2,
          infiniplex_forest_lined_room_3, infiniplex_forest_lined_corner,
          infiniplex_forest_clump_C, infiniplex_forest_lined_3_way,
          infiniplex_forest_clump_small, infiniplex_forest_clump_long,
          minmay_randomly_rotated_circles, uniq_crazy_yiuf_cottage, uniq_terence
D:3:      hangedman_glass_teeth, nicolae_ru_sacrificial_ziggurat
D:4:      serial_shops, nicolae_shop_trees, first_ration, uniq_grinder
D:5:      cheibrodos_sewer_entry_sluice, uniq_menkaure

Skill      XL: |  1  2  3  4  5  6 |
---------------+-------------------+-----
Fighting       | 3 4 |  4.3
Staves         | 2 3 |  3.1
Dodging        | 4 |  4.6
Short Blades   | |  3.5
Stealth        | |  2.4

Action                   |  1- 3 |  4- 6 || total
-------------------------+-------+-------++-------
Melee: Trident           |    60 |    61 ||   121
       Short sword       |     9 |       ||     9
  Use: Potion            |     1 |     3 ||     4
       Scroll            |       |     3 ||     3
 Stab: Sleeping          |     4 |       ||     4
  Eat: Chunk             |       |     1 ||     1
       Ration            |       |     1 ||     1
Armor: Skin              |    21 |       ||    21
       Robe              |    12 |    13 ||    25
Dodge: Dodged            |    32 |    42 ||    74

Table legend:
 A = Spawn XP
 B = Non-spawn XP
 C = Spawn XP percentage of total XP
 D = Spawn monster count
 E = Non-spawn monster count
 F = Spawn count percentage of total count
 G = Total turns spent on level
                    A         B        C        D         E        F      G
               +---------+---------+-------+---------+---------+-------+---------
         Total |       0 |     437 |   0.0 |       0 |      35 |   0.0 |  1266
               +---------+---------+-------+---------+---------+-------+---------
           D:1 |       0 |       3 |   0.0 |       0 |       2 |   0.0 |   128
           D:2 |       0 |       7 |   0.0 |       0 |       4 |   0.0 |   142
           D:3 |       0 |      90 |   0.0 |       0 |      19 |   0.0 |   574
           D:4 |       0 |     337 |   0.0 |       0 |      10 |   0.0 |   408
               +---------+---------+-------+---------+---------+-------+---------
